 Dungeon Crawl Stone Soup version 0.17.1-2-g5865329 (webtiles) character file.

141 ImaNewbie the Chopper (level 5, -5/41 HPs)
             Began as a Formicid Fighter on Jan 19, 2016.
             Was an Initiate of Qazlal.
             Killed from afar by an orc wizard (13 damage)
             ... with a puff of flame
             ... on level 3 of the Dungeon.
             The game lasted 00:04:03 (1723 turns).

ImaNewbie the Chopper (Formicid Fighter)            Turns: 1723, Time: 00:04:03

Health: -5/41      AC:  9    Str: 22    XL:     5   Next: 48%
Magic:  5/5        EV:  8    Int:  7    God:    Qazlal [......]
Gold:   132        SH:  9    Dex: 10    Spells: 0 memorised, 4 levels left

rFire  . . .     SeeInvis +     a - +0 war axe
rCold  . . .     Clarity  .     b - +0 scale mail
rNeg   . . .     SustAt   .     c - +0 shield
rPois  .         Gourm    .     (helmet unavailable)
rElec  .         Spirit   .     n - +0 cloak
rCorr  .         Warding  .     f - +0 pair of gloves
rMut   .         Stasis   +     (no boots)
MR     .....                    (no amulet)
Stlth  ..........               (no ring)
                                (no ring)

@: not resistant to hostile enchantments, extremely unstealthy
A: permanent stasis, dig shafts and tunnels, four strong arms, antennae 3
a: Dig, Shaft Self, Renounce Religion


You were on level 3 of the Dungeon.
You worshipped Qazlal.
Qazlal was noncommittal.
You were not hungry.

You visited 1 branch of the dungeon, and saw 3 of its levels.

You collected 132 gold pieces.

Inventory:

Hand Weapons
 a - a +0 war axe (weapon)
Missiles
 w - 21 poisoned needles
Armour
 b - a +0 scale mail (worn)
 c - a +0 shield (worn)
 f - a +0 pair of gloves (worn)
 n - a +0 cloak (worn)
Wands
 q - a wand of enslavement (0)
 s - a wand of enslavement (5)
Scrolls
 d - a scroll of recharging {unknown}
 g - a scroll of teleportation {unknown}
 h - 2 scrolls of noise {unknown}
 k - 9 scrolls of identify {unknown}
 r - a scroll of blinking {unknown}
 t - a scroll of fog {unknown}
Potions
 j - 3 potions of curing {unknown}
 l - a potion of degeneration {unknown}
 m - a potion of cancellation {unknown}
 o - 2 potions of resistance {unknown}
Comestibles
 e - 2 bread rations
 i - 4 slices of pizza
 p - 2 fruits
 u - a chunk of flesh
 v - a meat ration


   Skills:
 - Level 3.2 Fighting
 + Level 5.2 Axes
 - Level 3.2 Armour
 - Level 3.6 Shields


You had 4 spell levels left.
You didn't know any spells.

Dungeon Overview and Level Annotations

Branches:
Dungeon (3/15)

Altars:
Makhleb
Nemelex Xobeh
Okawaru
Qazlal
Yredelemnul


Innate Abilities, Weirdness & Mutations

You are under a permanent stasis effect.
You can dig through walls and to a lower floor.
Your four strong arms can wield two-handed weapons with a shield.
You have a pair of large antennae on your head (SInv).


Message History

The puff of flame hits you!
* * * LOW HITPOINT WARNING * * *
You closely miss the orc wizard.
The orc wizard is almost dead.
You block the orc wizard's attack.
You barely miss the orc wizard.
The orc wizard is almost dead.
The orc wizard hits you but does no damage.
You closely miss the orc wizard.
The orc wizard is almost dead.
The orc wizard hits you with a dagger.
* * * LOW HITPOINT WARNING * * *
The orc wizard mumbles some strange words.
The orc wizard seems to speed up.
You hit the orc wizard.
The orc wizard is almost dead.
The orc wizard hits you but does no damage.
The orc wizard casts a spell at you. The puff of flame hits you!
You die...

#. #.#
##.#####.##
.........#
#.#[.##..#
#.#..##..#
#........#
###..###.# #[)#
#.##########
#).#
#....@o....#
#.####..#
##########.#
....>...#### #.#
#######....# #.#
#....#########.#
##...##.._.....#
##.###.########
#.# #.# #.# #.#


You could see an orc wizard.

Vanquished Creatures
  2 orc priests (D:3)
  3 gnolls (D:3)
  A worm (D:2)
  6 orcs (D:3)
  5 bats
  3 giant cockroaches
  2 goblins
  3 hobgoblins (D:1)
  9 kobolds
  3 giant geckos
  3 giant newts
  10 rats
50 creatures vanquished.

Vanquished Creatures (others)
  An orc priest (D:3)
  An orc (D:3)
2 creatures vanquished.

Grand Total: 52 creatures vanquished

Notes
Turn   | Place    | Note
--------------------------------------------------------------
     0 | D:1      | ImaNewbie the Formicid Fighter began the quest for the Orb.
     0 | D:1      | Reached XP level 1. HP: 18/18 MP: 1/1
   214 | D:1      | Reached XP level 2. HP: 24/24 MP: 2/2
   698 | D:2      | Reached XP level 3. HP: 24/29 MP: 3/3
   794 | D:2      | Found an iron altar of Okawaru.
   992 | D:2      | Found a basalt altar of Yredelemnul.
  1077 | D:3      | Found a stormy altar of Qazlal.
  1082 | D:3      | Reached skill level 4 in Axes
  1082 | D:3      | Reached XP level 4. HP: 30/35 MP: 2/4
  1112 | D:3      | Became a worshipper of Qazlal Stormbringer
  1311 | D:3      | Reached XP level 5. HP: 41/41 MP: 5/5
  1512 | D:3      | Found a burning altar of Makhleb.
  1568 | D:3      | Reached skill level 5 in Axes
  1603 | D:3      | Found a sparkling altar of Nemelex Xobeh.
  1723 | D:3      | Killed from afar by an orc wizard

Action                   |  1- 3 |  4- 6 || total
-------------------------+-------+-------++-------
Melee: War axe           |    82 |    64 ||   146
Evoke: Wand              |       |     2 ||     2
  Use: Potion            |     1 |       ||     1
  Eat: Chunk             |       |     3 ||     3
